 Dungeon Crawl Stone Soup version 0.30-a0-800-g7c544603b3 (webtiles) character file.

Game seed: 9248687581468329431

114 ryw the Trooper (level 4, 0/37 HPs)
             Began as a Demonspawn Monk on Feb 22, 2023.
             Asphyxiated
             ... in a sewer.
             The game lasted 00:03:21 (3024 turns).

ryw the Trooper (Demonspawn Monk)                   Turns: 3024, Time: 00:03:21

Health: 0/37       AC:  4    Str: 11    XL:     4   Next: 66%
Magic:  4/4        EV: 13    Int: 12    God:
Gold:   215        SH:  0    Dex: 17    Spells: 3/3 levels left

rFire   . . .      SeeInvis .    h - +2 dagger (vamp)
rCold   . . .      Faith    .    (no shield)
rNeg    . . .      Spirit   .    a - +0 robe
rPois   .          Reflect  .    n - +0 helmet
rElec   .          Harm     .    (no cloak)
rCorr   .          Rampage  .    p - +0 pair of gloves
Will    .....                    (no boots)
Stlth   ++                       (no amulet)
HPRegen 0.26/turn                (no ring)
MPRegen 0.09/turn                (no ring)

@: lethally poisoned (0 -> -13)
A: hooves 1, demonic guardian 1
a: no special abilities


You were in a sewer.
You visited 1 branch of the dungeon, and saw 4 of its levels.
You also visited: Sewer.

You collected 215 gold pieces.

Inventory:

Hand Weapons
 h - a +2 vampiric dagger (weapon)
Missiles
 g - 6 poisoned darts (quivered)
Armour
 a - a +0 robe (worn)
 n - a +0 helmet (worn)
 p - a +0 pair of gloves (worn)
Jewellery
 o - a ring of wizardry
Scrolls
 c - a scroll of amnesia {unknown}
 d - a scroll of teleportation {unknown}
 e - a scroll of noise {unknown}
 i - a scroll of enchant armour {unknown}
 k - a scroll of vulnerability {unknown}
 l - 2 scrolls of fog {unknown}
 m - a scroll of identify {unknown}
Potions
 b - 2 potions of ambrosia
 f - a potion of flight {unknown}
 j - 2 potions of heal wounds
 q - a potion of brilliance {unknown}


   Skills:
 + Level 4.1 Fighting
 + Level 1.5 Short Blades
 + Level 3.7 Dodging
 - Level 1.7 Stealth
 - Level 2.6 Unarmed Combat


You had 3 spell levels left.
You didn't know any spells.
Your spell library contained the following spells:

 Spells                   Type           Power      Damage    Failure   Level
 Slow                     Hex            0%         N/A       32%         1
 Confusing Touch          Hex            0%         N/A       69%         3
 Vampiric Draining        Necr           0%         2d6       69%         3


Dungeon Overview and Level Annotations

Branches:
Dungeon (4/15)              Sewer (1/1)
 Temple: D:4-7

Altars:
Nemelex Xobeh
Qazlal
Vehumet
Wu Jian


Innate Abilities, Weirdness & Mutations

You have large cloven feet.
A weak demonic guardian rushes to your aid.


Message History

No target in view!
You open the large door. 2 kobolds and 2 kobold brigands come into view.
A kobold brigand is wielding a +0 whip and quivering curare-tipped darts.
A kobold brigand is wielding a +0 whip and quivering poisoned darts.
Found a scroll labelled MUWKUKHIRER, a dagger and a lumpy yellow potion.
Found a gate leading back out of this place.
The kobold brigand shouts!
The kobold shouts! x2
The kobold misses you.
There is a large open door here.
You hit the kobold. You kick the kobold.
You kill the kobold!
It was a potion of heal wounds.
You feel much better. The kobold brigand misses you.
The kobold hits you with a +0 dagger. The kobold brigand closely misses you.
You hit the kobold brigand.
The kobold brigand is lightly wounded.
The kobold brigand hits you with a +0 whip!
The kobold hits you with a +0 dagger. The kobold brigand misses you.
The kobold brigand completely misses you.
The kobold brigand misses you.
There is a large open door here.
The kobold brigand attacks as you move away!
The kobold brigand hits you with a +0 whip.
You hit the kobold.
You feel better.
You kill the kobold!
The kobold brigand hits you with a +0 whip.
You hit the kobold brigand. Your kick misses the kobold brigand.
You punch the kobold brigand.
The kobold brigand is lightly wounded.
The kobold brigand hits you with a +0 whip.
The kobold brigand attacks as you move away!
The kobold brigand hits you with a +0 whip.
* * * LOW HITPOINT WARNING * * *
The kobold brigand throws a poisoned dart.
The poisoned dart closely misses you.
The kobold brigand throws a curare-tipped dart.
The curare-tipped dart hits you.
You are lethally poisoned!
You have difficulty breathing.
You die...

#~≈~#P~..†....#
#~≈~~~~~.....##
#~≈~#~†~.....#
#~≈~#P~~....##
~ #~......#
#PP.....#
#.......#
#~.~...##
#~~~K.@#
#~~.K### ##')##
#...)# #!.?)#
#.∩..# #....#
######


You could see 2 kobold brigands.

Vanquished Creatures
  Natasha (D:4)
  2 adders
  A worm (D:4)
  A dart slug (D:3)
  2 orcs (D:3)
  4 ball pythons
  3 endoplasms
  6 giant cockroaches
  3 goblins
  8 hobgoblins
  3 jackals (D:2)
  A quokka (D:3)
  4 bats
  5 frilled lizards
  10 kobolds
  A rat (Sewer)
55 creatures vanquished.

Vanquished Creatures (collateral kills)
  A ball python (D:1)
  An endoplasm (D:1)
2 creatures vanquished.

Vanquished Creatures (others)
  2 plants
2 creatures vanquished.

Grand Total: 59 creatures vanquished

Notes
Turn   | Place    | Note
-------+----------+-------------------------------------------
     0 | D:1      | ryw the Demonspawn Monk began the quest for the Orb.
     0 | D:1      | Reached XP level 1. HP: 18/18 MP: 1/1
   286 | D:1      | Gained mutation: A weak demonic guardian rushes to your
                  | aid. [demonic ancestry]
   286 | D:1      | Reached XP level 2. HP: 23/24 MP: 2/2
  1159 | D:2      | Found a stormy altar of Qazlal.
  1292 | D:2      | Reached XP level 3. HP: 25/29 MP: 3/3
  1761 | D:3      | Found an ornate altar of the Wu Jian Council.
  1793 | D:3      | Found a radiant altar of Vehumet.
  1870 | D:3      | Found a faded altar of an unknown god.
  2625 | D:3      | Found a sparkling altar of Nemelex Xobeh.
  2768 | D:4      | Reached skill level 1 in Short Blades
  2789 | D:4      | Noticed Natasha
  2801 | D:4      | Killed Natasha
  2802 | D:4      | Reached skill level 4 in Fighting
  2802 | D:4      | Gained mutation: You have large cloven feet. [demonic
                  | ancestry]
  2802 | D:4      | Reached XP level 4. HP: 26/37 MP: 4/4
  2911 | D:4      | Found a glowing drain.
  2925 | Sewer    | Entered a sewer
  3013 | Sewer    | Noticed a kobold brigand
  3013 | Sewer    | Noticed a kobold brigand
  3024 | Sewer    | Asphyxiated

Illustrated notes

Levels and vault maps discovered:
D:1:      enne_arrival_octagon_isle, layout_basic
D:2:      layout_basic, basic_altar, serial_bayou_crossing
D:3:      layout_basic, nemelex_dance_club_becter,
          mainiacjoe_overflow_cross_hatched, mainiacjoe_overflow_brackets,
          shapermc_ecumenical_altar_acropolis
D:4:      layout_cave_pods, cheibrodos_ashenzari_chains,
          cheibrodos_sewer_entry_drain, minivault_11, uniq_natasha
Sewer:    kennysheep_pipe_town

Skill      XL: |  1  2  3 |
---------------+----------+-----
Dodging        | 3 |  3.7
Short Blades   | 1 |  1.5
Fighting       | 4 |  4.1
Stealth        | |  1.7
Unarmed Combat | |  2.6

Action                     |  1- 3 |  4- 6 || total
---------------------------+-------+-------++-------
  Melee: Unarmed           |    96 |       ||    96
         Punch             |     1 |     1 ||     2
         Dagger            |    88 |    43 ||   131
         Kick              |       |    12 ||    12
    Use: Potion            |       |     1 ||     1
   Stab: Sleeping          |     9 |     1 ||    10
 Armour: Robe              |    29 |    14 ||    43
  Dodge: Dodged            |   123 |    27 ||   150

Table legend: (Time is in decaauts)
 A = Elapsed time spent in this place.
 B = Non-inter-level travel time spent in this place.
 C = Inter-level travel time spent in this place.
 D = Time resting spent in this place.
 E = Time spent auto-exploring this place.
 F = Levels seen in this place.
 G = Mean time per level.
                   A        B        C        D        E       F      G
               +--------+--------+--------+--------+--------+-----+--------+
         Total |   3034 |   2957 |     77 |    218 |   2209 |   5 |  606.8 |
       Dungeon |   2929 |   2852 |     77 |    218 |   2169 |   4 |  732.2 |
         Sewer |    105 |    105 |      0 |      0 |     40 |   1 |  105.0 |
               +--------+--------+--------+--------+--------+-----+--------+

Top non-repeatable levels by time:
     D:3: 1040 daAuts
     D:2: 865 daAuts
     D:1: 850 daAuts
     D:4: 172 daAuts
   Sewer: 105 daAuts
